Unix NetHack Version 3.7.0-102 Work-in-progress - last build Apr 6 2024 13:22:21 (d302a6a9ff6341f1a922d8f5af178406b35fdf99,branch:master). Game began 2024-05-01 09:58:03, ended 2024-05-01 10:32:45. MalkMcJorma, chaotic male elven Ranger ---- ---- |...................0 .. .|..| |.---------- ---------- -.|..)..| |.#...0 . |......-- |.|o--- --- ---- . |.[[--- --- |.| | .. ... . |*..| ..--- |.| .. .._. . |...| .<..-- |.| . .... .| |..-- .....| ...........--.....|[| --.------ .... .- |.- .....| .>...@)...o.........|..........0--...--.. |.| ..---- ........o..).......%(.........{0.......{ |.| -.| -........----.)o....|.......................- |.| --.| --......-- --.....|.-- ---+-----......-- --oo | |.-- |..----..-- |... ...#.| oooo |......| o |.|..| --...--....| |.... ..|.| oooo o.......| oo |.#.-- --.........-- --... |.| | o o o ......| o |.|.-- |..|.......| ---. |.| .....- - |..-- -.-| -..-- |.| ... |........| |..| |.------------------#----------------........| |..| |...................)..........**....0-------- --- -------------------------------------- MalkMcJorma the Trailblazer St:16 Dx:12 Co:15 In:13 Wi:13 Ch:8 Chaotic Dlvl:6 $:188 HP:0(45) Pw:31(31) AC:-1 Xp:7/1070 T:3488 Latest messages: The orc-captain picks up a red-eyed shield. Azaiakh of Haiagris picks up a glass wand. The orc-captain picks up a crude chain mail. The orc-captain puts on a crude chain mail. The orc-captain picks up an orcish bow. You descend the stairs. Sting stops gleaming. You feel tough! You must have been leading a healthy life-style. You climb up the stairs. Sting gleams light blue! The orc-captain picks up a curved sword. The orc-captain picks up a corroded iron skull cap. Azaiakh of Haiagris casts a spell at you! Your brain is on fire! You hit Azaiakh of Haiagris! Azaiakh of Haiagris points all around, then curses. You kill Azaiakh of Haiagris! There are many objects here. The orc-captain picks up an orcish bow. The orc-captain picks up 11 poisoned orcish arrows. The orc-captain picks up 14 rocks. The orc-captain wields an orcish bow! Ugorathos of Haiagris picks up a white-handed shield. The orc-captain shoots 2 poisoned orcish arrows! You are hit by the 1st poisoned orcish arrow. The 2nd poisoned orcish arrow misses you. The orc-captain shoots 2 poisoned orcish arrows! The 1st poisoned orcish arrow misses you. The 2nd poisoned orcish arrow misses you. Ugorathos of Haiagris puts on a white-handed shield. Ugorathos of Haiagris picks up an iron skull cap. The orc-captain wields a curved sword! You hit the orc-captain! The orc-captain swings her curved sword. The orc-captain hits! The orc-captain swings her curved sword. The orc-captain hits again! The orc-captain wields an orcish bow! The orc-captain shoots 2 poisoned orcish arrows! Thosoggris of Haiagris is hit. Thosoggris of Haiagris is hit. The orc-captain shoots 2 poisoned orcish arrows! The 1st poisoned orcish arrow misses you. The 2nd poisoned orcish arrow misses you. The orc-captain shoots 2 poisoned orcish arrows! The 1st poisoned orcish arrow misses you. You are hit by the 2nd poisoned orcish arrow. Elf, your life force is running out. The poison was deadly... Inventory: Coins ('$') $ - 188 gold pieces Weapons (')') c - 51 blessed +2 elven arrows (in quiver) d - 32 uncursed +0 elven arrows b - an uncursed +1 elven bow (alternate weapon; not wielded) z - 10 uncursed +0 daggers a - the uncursed +1 Sting (weapon in right hand, gleaming light blue) Armor ('[') s - an uncursed +0 orcish helm (being worn) e - an uncursed +2 elven cloak (being worn) I - an uncursed +1 dwarvish mithril-coat (being worn) Comestibles ('%') S - 3 uncursed carrots V - an uncursed food ration f - 7 uncursed lembas wafers p - 2 uncursed pears W - an uncursed tripe ration Scrolls ('?') F - an uncursed scroll of remove curse Rings ('=') q - an uncursed +1 ring of gain strength C - a cursed ring of hunger D - an uncursed ring of poison resistance Tools ('(') x - an uncursed +0 pick-axe B - an uncursed skeleton key r - 7 uncursed tallow candles o - an uncursed towel Gems/Stones ('*') n - an uncursed flint stone MalkMcJorma the Ranger's attributes: Background: You were a Trailblazer, a level 7 male elven Ranger. You were chaotic, nominally on a mission for Mars who was opposed by Mercury (lawful) and Venus (neutral). You were right-handed. You were in the Gnomish Mines, on level 6. You entered the dungeon 3488 turns ago. You had 1070 experience points, 210 more were needed to attain level 8. Basics: You had 0 out of 45 hit points. You had all 31 energy points (spell power). Your armor class was -1. Your wallet contained 188 zorkmids. Autopickup was off. Final Characteristics: Your strength was 16 (limit:18). Your dexterity was 12 (limit:18). Your constitution was 15 (limit:16). Your intelligence was 13 (limit:20). Your wisdom was 13 (limit:20). Your charisma was 8 (limit:18). Final Status: You weren't hungry. You were unencumbered. You were wielding a dagger. You had expert skill with dagger. Final Attributes: You were piously aligned. You were sleep resistant. You were aware of the presence of orcs. You had automatic searching. You had infravision. You were stealthy. You were guarded. You are dead. Miscellaneous: You disabled loading of bones levels. Total elapsed playing time was 34 minutes and 41 seconds. Major events: Turn 1: MalkMcJorma the chaotic male elven Ranger entered the dungeon 1: became literate by naming Sting 735: attained the rank of Lookout (level 3) 1095: entered the Gnomish Mines 1602: reached Mine Town 1803: attained the rank of Trailblazer (level 6) 3488: poisoned by an orcish arrow Vanquished creatures: an elf mummy a leprechaun 4 orc-captains a gnome mummy a Mordor orc 6 Uruk-hai 2 orc shamans a rock piercer a rock mole a shrieker 8 gnome leaders a little dog 8 dwarves a kobold leader a kobold shaman 9 hill orcs a monkey a werejackal 4 iguanas an acid blob 2 coyotes a hobgoblin an orc 27 gnomes 2 gnome zombies 2 geckos 3 jackals 2 foxes 2 goblins a sewer rat a grid bug a bat 3 lichens 5 newts 107 creatures vanquished. No species were genocided or became extinct. Voluntary challenges: You were an atheist. You read items or engraved 1 time. You never engraved Elbereth. You never genocided any monsters. You never polymorphed an object. You never changed form. You used no wishes. Achievements: You entered a shop. You attained the rank of Lookout. You entered the Gnomish Mines. You entered Minetown. You attained the rank of Trailblazer. The Dungeons of Doom: levels 1 to 3 Level 1: A sink, a grave. Level 2: "Vault" A fountain. Level 3: A fountain. Stairs down to The Gnomish Mines. The Gnomish Mines: levels 4 to 8 Level 4: Level 5: Level 6: <- You were here. An altar, some fountains. Final resting place for you, poisoned by an orcish arrow. Level 7: Level 8: Game over: ---------- / \ / REST \ / IN \ / PEACE \ / \ | MalkMcJorma | | 188 Au | | poisoned by an | | orcish arrow | | | | | | 2024 | *| * * * | * _________)/\\_//(\/(/\)/\//\/|_)_______ Goodbye MalkMcJorma the Ranger... You were poisoned in The Gnomish Mines on dungeon level 6 with 4800 points, and 188 pieces of gold, after 3488 moves. You were level 7 with a maximum of 45 hit points when you were poisoned.